[Event "*** SCC Grand Prix: Titled Tuesday Blitz"]
[Site "Chess.com"]
[Date "2020.06.02"]
[Round "2"]
[White "robertofabregas"]
[Black "gm_rashid"]
[Result "1-0"]
[WhiteElo "2059"]
[BlackElo "2352"]
[TimeControl "180+1"]
[EndTime "10:18:51 PDT"]
[Termination "robertofabregas won on time"]

1. c4 e6 2. Nf3 d5 3. g3 Nf6 4.
Bg2 Be7 5. O-O O-O 6. d4 c6 7. Nbd2 a5 8. b3 a4 9. Bb2 a3 10. Bc3 b5 11. cxb5 cxb5 12. b4 Nc6 13. Qb3 Ra4 14. Nb1 Bxb4 15. Bxb4 Rxb4 16. Qxa3 Ne4 17. e3 Ra4 18. Qb3 Qa5 19. Ne5 Nxe5 20. dxe5 Bb7 21.
Rc1 h5 22. Bxe4 dxe4 23. Nc3 Rb4 24. Qd1 h4 25. Kg2 Rc4 26. Ne2 Rd8 27. Nd4 Rd5 28.
Rxc4 bxc4 29. Qc2 Rxe5 30. Qxc4 hxg3 31. hxg3 Rh5 32. Rb1 g6 33. Rxb7 Qe1 34. Qf1 Rh2+ 35. Kxh2 Qxf1 36. Rb2 Qd3 37. Kg2 e5 38. Nb3 Qc3 39.
Rd2 f5 40. Rd8+ Kf7 41. Rd7+ Ke6 42. Rd2 f4 43. gxf4 exf4 44. Rd4 Kf5 45. Rd5+ Kg4 46.
Rd4 f3+ 47. Kh2 Qc2 48. Nd2 Qc7+ 49. Kg1 Kf5 50. Rxe4 Qc1+ 51. Kh2 Qxd2 52. Rf4+ Kg5 53. Kg3 Qxa2 54. Kxf3 Qa8+ 55. Kg3 Qh1 56. Rg4+ Kh5 57. Rd4 g5 58. Rd5 1-0

[Event "*** SCC Grand Prix: Titled Tuesday Blitz"]
[Site "Chess.com"]
[Date "2020.06.02"]
[Round "2"]
[White "MITerryble"]
[Black "ChessicallyInclined"]
[Result "1-0"]
[WhiteElo "2822"]
[BlackElo "2528"]
[TimeControl "180+1"]
[EndTime "10:18:53 PDT"]
[Termination "MITerryble won on time"]

1. d4 Nf6 2. Nf3 b6 3. g3 Bb7 4. c4 e6 5. Bg2 d5 6. O-O Nbd7 7. Ne5 c5 8. cxd5 exd5 9. Nc3 cxd4 10. Nxd7 Qxd7 11.
Nb5 Qxb5 12. Qxd4 Be7 13. Qe5 Qd7 14. Bf4 O-O 15. Rfd1 Rfe8 16. Qc3 Rac8 17. Qb3 Bd6 18. Bxd6 Qxd6 19. e3 Rc7 20. Qa4 Rec8 21. Bh3 Rd8 22.
Rd4 Rc4 23. Qxa7 Rxd4 24. exd4 Qc7 25. Qa3 Bc8 26. Bg2 Bf5 27. Qb4 Be4 28. f3 Bg6 29. a4 h5 30. Qd2 Re8 31. b4 h4 32. g4 Qe7 33. a5 bxa5 34. bxa5 Qa7 35. a6 Rb8 36. Qc3 Rb6 37. Qc5 Nd7 38. Qxd5 Nf8 39. Bf1 Ne6 40. f4 Rb4 41. Rd1 Bc2 42.
Rd2 Ba4 43. f5 Rxd4 44. Rxd4 Qxd4+ 45. Qxd4 Nxd4 46. a7 Bc6 47. Bg2 Nb5 48. Bxc6 Nxa7 49. Bd7 Kf8 50. Kg2 Ke7 51. Ba4 Nc8 52. Kh3 Nb6 53.
Bb3 Kf6 54. Kxh4 g5+ 55. Kh5 Nd7 56. Bxf7 Kxf7 57. Kxg5 Nf6 58. Kf4 Kg7 59. g5 Nd7 60. Ke4 Kf7 61. h4 Kg7 62. Kd5 Nf8 63. Kd6 Kf7 64. h5 Kg7 65. Ke7 Nh7 66. f6+ Kg8 67. g6 Nf8 68. Ke8 1-0

[Event "*** SCC Grand Prix: Titled Tuesday Blitz"]
[Site "Chess.com"]
[Date "2020.06.02"]
[Round "2"]
[White "peixe64"]
[Black "googlegoom"]
[Result "0-1"]
[WhiteElo "2226"]
[BlackElo "2444"]
[TimeControl "180+1"]
[EndTime "10:18:54 PDT"]
[Termination "googlegoom won by resignation"]

1. d4 d5 2. c4 c6 3. g3 Nf6 4.
Nf3 e6 5. Bg2 Be7 6. O-O O-O 7. Qc2 b6 8. b3 Bb7 9. Bb2 Nbd7 10. Nbd2 Rc8 11. e4 Qc7 12. e5 Ne8 13. Rac1 Qb8 14. cxd5 cxd5 15. Qd3 Nc7 16. Rfd1 Ba6 17.
Qe3 Nb5 18. h4 Rxc1 19. Rxc1 Rc8 20. h5 Rxc1+ 21. Bxc1 Qc8 22. Nf1 Qc2 23. Qd2 Qb1 24. a4 Na3 25. Qc3 Nc2 26. Bf4 Nf8 27. Qc7 Ba3 28. Ng5 Nxd4 29. Qxf7+ Kh8 30. h6 gxh6 31. Qf6+ Kg8 32. Qf7+ Kh8 33. Qf6+ Kg8 34. Nf7 Nf5 35. g4 Bxf1 36. Bxf1 Be7 37. Nxh6+ Nxh6 38. Qxe7 Nf7 39. Qf6 Qg6 40. Qxg6+ Nxg6 41. Bg3 Ngxe5 42. Ba6 Nc6 43. f4 e5 44. fxe5 Nfxe5 45. g5 Kf7 46. Be2 Kg6 47. Bf4 Nf7 48. Bf3 Nxg5 49. Bxd5 Ne7 50. Bb7 Kf5 51. Bd2 Ne4 52. Be1 Nc5 53. Bf3 Nxb3 54.
Bc3 Nc5 55. Be2 Ng6 56. Kf2 Nxa4 57. Bb4 Nc5 58. Bc3 Ne4+ 59. Ke3 Nxc3 60. Bd3+ Kf6 61. Kd4 Na4 62. Kc4 Nc5 63. Kd4 h5 64. Bf1 h4 65.
Bh3 Kg5 66. Bc8 Nf4 67. Bh3 Nxh3 0-1

[Event "*** SCC Grand Prix: Titled Tuesday Blitz"]
[Site "Chess.com"]
[Date "2020.06.02"]
[Round "2"]
[White "simonachess"]
[Black "GiorgianBarbosa"]
[Result "0-1"]
[WhiteElo "2164"]
[BlackElo "2410"]
[TimeControl "180+1"]
[EndTime "10:18:54 PDT"]
[Termination "GiorgianBarbosa won by resignation"]

1. d4 Nf6 2. c4 g6 3. Nc3 Bg7 4. e4 O-O 5. Be2 c6 6. Bg5 d5 7.
cxd5 cxd5 8. e5 Ne4 9. Nxe4 dxe4 10. h4 Nc6 11. Be3 Qa5+ 12. Kf1 Rd8 13. h5 Nxd4 14. hxg6 hxg6 15. Bc4 Be6 16. Bxe6 Nxe6 17. Qg4 Qxe5 18. Ne2 Rd3 19. Qh4 Rad8 20. Nc3 Rxe3 21. fxe3 Rd3 22. Qxe7 Rxe3 23. Qe8+ Bf8 24. Kg1 Qc5 25. Kh2 Qd6+ 26. Kg1 Qd4 27. Kh2 Qe5+ 28. Kg1 Qd4 29. Kh2 Rd3 30.
Rhf1 Qd6+ 31. Kg1 Qd7 32. Qxd7 Rxd7 33. Nxe4 Rc7 34. Rac1 Rxc1 35. Rxc1 f5 36. Nf6+ Kf7 37. Nd7 Bd6 38. Rd1 Ke7 39. Ne5 Bxe5 40. b3 Bd4+ 41. Kf1 Kf6 42. Ke2 Be5 43. Kd3 g5 44. Kc4 Nf4 45. g3 Ne6 46. Kd5 f4 47. Re1 f3 48.
g4 f2 49. Rf1 Bg3 50. Ke4 Nf4 51. Kf3 Bh4 52. Rd1 Ke5 53. Rc1 Kd6 54. b4 Kd5 55. a4 Kd4 56. b5 Kd3 57. Rd1+ Kc2 58. Rh1 Kb3 59. a5 Ka4 60. b6 axb6 61. axb6 Ka5 62. Rb1 Ka4 63. Rb2 Ka3 64. Rb1 Ka2 65. Rf1 Kb2 66.
Rh1 Kc2 67. Rf1 Kd2 68. Rb1 Nd3 69. Kg2 Ne1+ 70. Kf1 Ke3 71. Rc1 Kf3 72. Rc7 Ng2 73. Rf7+ Kg3 74. Rxb7 Ne3+ 75. Ke2 f1=Q+ 76. Kxe3 Qf3+ 77.
Kd2 Qxb7 0-1

[Event "*** SCC Grand Prix: Titled Tuesday Blitz"]
[Site "Chess.com"]
[Date "2020.06.02"]
[Round "2"]
[White "rasmussvane"]
[Black "Zenzo"]
[Result "1-0"]
[WhiteElo "2888"]
[BlackElo "2556"]
[TimeControl "180+1"]
[EndTime "10:18:55 PDT"]
[Termination "rasmussvane won by resignation"]

1. Nf3 Nf6 2. g3 b5 3. Bg2 Bb7 4. d4 e6 5. Bg5 d5 6. c3 Be7 7.
O-O O-O 8. a4 a6 9. Qb3 c6 10.
Nbd2 Nbd7 11. Rfe1 h6 12. Bf4 Nb6 13. axb5 axb5 14.
Ne5 Nfd7 15. e4 Nxe5 16. Bxe5 Qd7 17. h4 Nc4 18. Nxc4 bxc4 19. Qc2 c5 20. Qe2 Bd6 21. Bxd6 Qxd6 22. Rad1 cxd4 23. Rxd4 Rfd8 24. Red1 Qb6 25. exd5 Bxd5 26. Bxd5 exd5 27. Rxd5 Rxd5 28. Rxd5 Ra1+ 29. Kg2 Qb7 30. Qf3 Qe7 31. h5 Ra6 32. Rd4 Rf6 33. Qa8+ Kh7 34. Rxc4 Rb6 35. Qe4+ Qxe4+ 36. Rxe4 Rxb2 37.
Re7 Kg8 38. Rc7 Rc2 39. Kf3 g6 40. hxg6 fxg6 41. Ke3 Kf8 42. f3 h5 43. Kf4 Rf2 44.
c4 g5+ 45. Kxg5 Rxf3 46. Kh4 Ke8 47. c5 Rc3 48. Rc6 Kd7 49. Rd6+ Ke7 50. Rd5 Ke6 51.
Rxh5 Rc4+ 52. g4 Ke7 53. Rh7+ Kf6 54. Rh6+ Kg7 55. Rc6 Rc3 56. Kg5 Rc1 57. Rc7+ Kf8 58. Kg6 Ke8 59. g5 Kd8 60. Rc6 Kd7 61. Rd6+ Ke7 62.
Rd5 Ke6 63. Rd6+ Ke7 64. Rd5 Ke6 65. Rd2 Rxc5 66. Re2+ Kd7 67. Kf6 Rc3 68. g6 Rf3+ 69. Kg7 Rf1 70. Kg8 Rg1 71. g7 Rf1 72. Rh2 Ke7 73.
Kh7 1-0

[Event "*** SCC Grand Prix: Titled Tuesday Blitz"]
[Site "Chess.com"]
[Date "2020.06.02"]
[Round "2"]
[White "vlad_Sid"]
[Black "Konek-Gorbunok"]
[Result "1-0"]
[WhiteElo "2639"]
[BlackElo "2294"]
[TimeControl "180+1"]
[EndTime "10:18:57 PDT"]
[Termination "vlad_Sid won on time"]

1. c4 e6 2. g3 d5 3. Bg2 c6 4. Nf3 Be7 5. O-O Nf6 6. b3 Ne4 7. Bb2 Bf6 8. d4 Be7 9. Nfd2 Nxd2 10. Nxd2 f5 11. f3 O-O 12. Qc2 Nd7 13. e4 Nf6 14.
Rae1 Bd7 15. Kh1 Bb4 16. e5 Ne8 17. Bc3 Bxc3 18. Qxc3 Qe7 19. c5 Nc7 20. f4 Rfb8 21.
b4 a5 22. a3 b6 23. Nf3 Nb5 24. Qb2 axb4 25. axb4 bxc5 26. bxc5 Na3 27. Qc3 Nc4 28. Ra1 Qd8 29. Rfb1 h6 30. Bf1 Rxb1 31. Rxb1 Ra3 32.
Rb3 Rxb3 33. Qxb3 Na5 34. Qa4 Qc7 35. Nd2 Kf7 36. Kg2 g6 37. h3 Bc8 38. g4 Ke7 39.
Be2 Kd7 40. g5 h5 41. Nf3 Ke7 42. Nh4 Kf7 43. Nf3 Kg7 44. Nd2 Bb7 45. Kf2 Bc8 46. Ke3 Bb7 47. Nb1 Bc8 48. Nc3 Bb7 49. Qa2 Bc8 50. Na4 Qa7 51. Nb6 Bb7 52. Qa4 Kf7 53. Kf3 Ke7 54. Ke3 Kf7 55. Bd1 Kg7 56. Bc2 Kf7 57. Kd2 Kg7 58. Kc3 Qa6 59. Bd3 1-0

[Event "*** SCC Grand Prix: Titled Tuesday Blitz"]
[Site "Chess.com"]
[Date "2020.06.02"]
[Round "2"]
[White "Mazetovic"]
[Black "Fortitudine"]
[Result "1-0"]
[WhiteElo "2647"]
[BlackElo "2312"]
[TimeControl "180+1"]
[EndTime "10:18:57 PDT"]
[Termination "Mazetovic won by resignation"]

1. d4 Nf6 2. Nf3 g6 3. Bg5 Bg7 4. Nbd2 d6 5. e4 c5 6. dxc5 dxc5 7. Bb5+ Bd7 8. Qe2 O-O 9. O-O h6 10. Bh4 a6 11. Bxd7 Qxd7 12. Nc4 Qe6 13. e5 Nd5 14. Bg3 b5 15. Ne3 Rd8 16. Nxd5 Rxd5 17. Rad1 Nc6 18. Rxd5 Qxd5 19. b3 Rd8 20. h4 e6 21. Re1 Nd4 22. Nxd4 Qxd4 23. Kh2 Qd2 24. Kg1 Qxe2 25. Rxe2 Rd1+ 26. Kh2 Kf8 27. a4 Ke8 28.
axb5 axb5 29. h5 gxh5 30. Bf4 Kd7 31. g3 Kc6 32. Kg2 Kd5 33. Kf3 c4 34. bxc4+ bxc4 35. Re3 Kd4 36. Ra3 h4 37. gxh4 Rh1 38. Be3+ Kxe5 39.
Ra5+ Kf6 40. h5 Ke7 41. Rc5 Rh3+ 42. Kg4 Rh1 43. Rc7+ Kd6 44. Rxf7 Be5 45. Rh7 Rg1+ 46. Kf3 Rh1 47. Rxh6 Kd5 48. Rh7 Rh3+ 49. Ke2 Ke4 50. h6 Bf4 51. Bxf4 Kxf4 52. Rf7+ Ke4 53. h7 e5 54. Kf1 c3 55. Kg2 Rh6 56. Kg3 Rg6+ 57. Kh4 Rh6+ 58. Kg5 Rh2 59. Kg6 Rg2+ 60. Kh6 Rh2+ 61.
Kg7 Rg2+ 62. Kf8 Rh2 63. Kg8 Rg2+ 64. Rg7 Rh2 65. h8=Q Rxh8+ 66. Kxh8 Kf3 67. Rg3+ Kxf2 68. Rxc3 e4 69. Rc8 e3 70. Re8 e2 71. c4 e1=Q 72.
Rxe1 1-0

[Event "*** SCC Grand Prix: Titled Tuesday Blitz"]
[Site "Chess.com"]
[Date "2020.06.02"]
[Round "2"]
[White "Ginger_GM"]
[Black "nihalsarin"]
[Result "0-1"]
[WhiteElo "2588"]
[BlackElo "3015"]
[TimeControl "180+1"]
[EndTime "10:18:59 PDT"]
[Termination "nihalsarin won on time"]

1. d4 c5 2. d5 e5 3. Nc3 d6 4. e4 Be7 5. Bb5+ Nd7 6. a4 Bg5 7. Nf3 Bxc1 8. Rxc1 Ne7 9. Nd2 O-O 10. O-O Ng6 11.
g3 a6 12. Bd3 Rb8 13. Nc4 Nb6 14. Ne3 Bh3 15. Re1 Bd7 16. b3 Nc8 17. Qh5 Nce7 18. Nf5 Be8 19. Nd1 f6 20. Qg4 Nxf5 21. Qxf5 Ne7 22. Qf3 Bg6 23. Ne3 Qd7 24. g4 Bf7 25. a5 Ng6 26. Ng2 Qd8 27. Ra1 Be8 28. h4 h6 29. h5 Nh8 30. Ne3 Nf7 31. Nf5 Ng5 32. Qg3 Qc7 33. Kh2 Bd7 34. Nh4 Rfe8 35. Ng6 Qc8 36.
Rg1 Qc7 37. f3 Bb5 38. Bxb5 axb5 39. Nh4 Ra8 40. Qe1 b4 41. Kg3 Rxa5 42. Rxa5 Qxa5 43.
Qa1 Qa3 44. Nf5 Nf7 45. Qd1 Ra8 46. Qd3 Qa6 47. Qd2 Kf8 48. Ne3 b5 49. Nf5 Qa2 50. Rf1 Qb2 51. f4 Ra2 52. fxe5 Qxe5+ 53. Kh3 Ng5+ 54. Kh4 Nxe4 55. Qe2 Kf7 56. Re1 Qf4 57. Rh1 Kf8 58. Qxe4 Qxe4 0-1

[Event "*** SCC Grand Prix: Titled Tuesday Blitz"]
[Site "Chess.com"]
[Date "2020.06.02"]
[Round "2"]
[White "medalja"]
[Black "albi1999"]
[Result "0-1"]
[WhiteElo "2406"]
[BlackElo "2661"]
[TimeControl "180+1"]
[EndTime "10:18:59 PDT"]
[Termination "albi1999 won by resignation"]

1. d4 d5 2. c4 e6 3. Nf3 Nf6 4.
g3 Bb4+ 5. Bd2 Bd6 6. Nc3 O-O 7. Qc2 Nc6 8. e4 dxe4 9. Nxe4 Nxe4 10. Qxe4 e5 11. Bd3 f5 12. Qd5+ Kh8 13. dxe5 Nxe5 14. Nxe5 Bxe5 15. O-O-O Qf6 16. Qb5 c6 17. Qb3 b5 18.
Rhe1 Bd4 19. cxb5 cxb5 20. Bb4 Rg8 21. Be7 Qb6 22. Qxb5 Bxf2 23. Re2 Bb7 24. Qxb6 Bxb6 25. Rf1 Rgc8+ 26. Rc2 Be4 27. Bxe4 fxe4 28. Rxc8+ Rxc8+ 29. Kd2 g6 30. Rf8+ Rxf8 31. Bxf8 Kg8 32. Bh6 Kf7 33. Be3 Ba5+ 34. Kc2 a6 35. a3 Ke6 36. b4 Bc7 37. Kc3 Kd5 38. a4 Be5+ 39. Kc2 Kc4 40. b5 axb5 41. axb5 Kxb5 42. Kb3 h5 43. Bf2 Bd6 44. Kc3 Bc5 45. Be1 Bg1 46. h3 Kc5 47. g4 Kd5 48. Bd2 Bd4+ 49. Kc2 e3 50. Be1 Ke4 51. gxh5 gxh5 52.
Kd1 Kf3 53. h4 e2+ 54. Kd2 Bb6 55. Kd3 Bf2 56. Kd2 Be3+ 57. Kd3 Bf4 58. Kc2 Kg2 59.
Kd3 Kf1 60. Ba5 Bg3 61. Ke4 Bxh4 62. Kf3 Be1 63. Bb6 h4 64. Kg4 Bf2 65. Ba5 Kg2 66.
Bb4 h3 0-1

[Event "*** SCC Grand Prix: Titled Tuesday Blitz"]
[Site "Chess.com"]
[Date "2020.06.02"]
[Round "2"]
[White "checkmatequen"]
[Black "TERMINATOR_PC"]
[Result "1-0"]
[WhiteElo "2272"]
[BlackElo "2463"]
[TimeControl "180+1"]
[EndTime "10:19:01 PDT"]
[Termination "checkmatequen won by checkmate"]

1. e4 Nf6 2. e5 Nd5 3. d4 d6 4. c4 Nb6 5. exd6 cxd6 6. Nc3 g6 7. Be3 Bg7 8. b3 O-O 9. Rc1 e5 10. c5 dxc5 11. dxc5 N6d7 12. Bc4 Qa5 13. Qd6 Nc6 14. Ne2 Rd8 15. Qd5 Rf8 16. O-O Nf6 17. Qd2 Ng4 18.
Bg5 h6 19. h3 hxg5 20. hxg4 Nd4 21. Qxg5 Qxc5 22. Ne4 Nxe2+ 23. Bxe2 Qb6 24. Bc4 Be6 25. Rfd1 Bxc4 26. Rd6 Qa5 27. Rxc4 Rac8 28. Rxc8 Rxc8 29. Nf6+ Bxf6 30. Qxf6 e4 31. Rd7 Rf8 32. Rxb7 Qe1+ 33.
Kh2 e3 34. fxe3 Qxe3 35. Re7 Qd2 36. Rxa7 Qh6+ 37. Kg1 Qe3+ 38. Qf2 Qc1+ 39. Kh2 Kg7 40. Qd4+ Kg8 41. a4 Re8 42. Qf2 Rf8 43. a5 Qg5 44.
Qd4 Qb5 45. a6 Re8 46. Rd7 Qb8+ 47. Kh3 Re1 48. g3 Rh1+ 49. Kg2 Qa8+ 50. Qd5 Qxa6 51. Kxh1 Qf1+ 52. Kh2 Qf2+ 53. Qg2 Qf6 54. Rd2 Kg7 55. Qf2 Qg5 56. Qd4+ Kh7 57. Rf2 Qh6+ 58. Kg2 Qc1 59.
Qf4 Qc6+ 60. Kh2 f5 61. gxf5 g5 62. Qxg5 Qb5 63. Qh5+ Kg8 64. Qg6+ Kh8 65. f6 Qb4 66. Qg7# 1-0

[Event "*** SCC Grand Prix: Titled Tuesday Blitz"]
[Site "Chess.com"]
[Date "2020.06.02"]
[Round "2"]
[White "louis198"]
[Black "Dmitry_Konenkin"]
[Result "0-1"]
[WhiteElo "2464"]
[BlackElo "2294"]
[TimeControl "180+1"]
[EndTime "10:19:01 PDT"]
[Termination "Dmitry_Konenkin won by resignation"]

1. d4 d6 2. Bf4 Nf6 3. e3 g6 4. h3 Bg7 5. Nf3 O-O 6. Bc4 Nc6 7. O-O Nd7 8. c3 e5 9. Bh2 h6 10. a4 Kh7 11. b4 f5 12. Na3 Qe7 13. Bb3 Nf6 14. b5 Na5 15. dxe5 Ne4 16. exd6 cxd6 17. Bc2 Bxc3 18. Bxe4 fxe4 19. Bxd6 Qf6 20. Bxf8 exf3 21. Qxf3 Bxa1 22. Bb4 Nb3 23. Qd5 Qe6 24. Qd8 Bf6 25. Qd3 a5 26. bxa6 bxa6 27. Rb1 a5 28. Bd6 Ba6 29. Nb5 Bxb5 30. axb5 Rd8 31. Rxb3 Qxd6 32.
Qxd6 Rxd6 33. b6 Rd8 34. Rb5 Bc3 35. b7 Rb8 36. Kf1 Bb4 37. Ke2 Kg7 38. Kd3 Kf6 39.
Kc4 Ke6 40. f4 Kd7 41. Kd5 Kc7 42. Kc4 Rxb7 43. Rd5 Ra7 44. Kb3 Bd6 45. g3 Kc6 46. Rd2 a4+ 47. Ka2 a3 48. e4 Bb4 49. Rc2+ Kd6 50. Rc4 Rb7 51. g4 Bc5 52. Rc2 Rb4 53. e5+ Kd5 54. f5 gxf5 55. gxf5 Rf4 56. f6 Bb4 57.
Kb3 Kxe5 58. f7 Rxf7 59. Kxb4 Ra7 60. Ra2 Kf4 61. Kb3 h5 62. Rf2+ Kg3 63. Rf1 a2 64. Rg1+ Kxh3 65. Rh1+ Kg4 66. Ra1 Kf3 67. Kc2 h4 68. Kd2 h3 69. Ke1 h2 70. Kd2 Kg2 0-1

[Event "*** SCC Grand Prix: Titled Tuesday Blitz"]
[Site "Chess.com"]
[Date "2020.06.02"]
[Round "2"]
[White "AGW2016"]
[Black "zaur-mammadov"]
[Result "0-1"]
[WhiteElo "2294"]
[BlackElo "2585"]
[TimeControl "180+1"]
[EndTime "10:19:03 PDT"]
[Termination "zaur-mammadov won by checkmate"]

1. e4 e6 2. d4 d5 3. exd5 exd5 4. Nf3 Nc6 5. c4 Nf6 6. Nc3 Bb4 7. Bd3 dxc4 8. Bxc4 O-O 9. O-O Bg4 10. Be3 h6 11. a3 Bd6 12. h3 Bh5 13. Be2 Re8 14. d5 Bxf3 15. Bxf3 Ne5 16. Be2 Qe7 17. Nb5 Ng6 18. Rc1 a6 19. Nxd6 Qxd6 20. Bf3 Rad8 21. Qb3 Nh4 22.
Be2 Nxd5 23. Rfd1 Qg6 24. Bf1 c6 25. Qxb7 Nxe3 26. Rxd8 Rxd8 27. fxe3 Qg3 28. Qxc6 Rd2 29. Qe4 f5 30. Qa8+ Kh7 31. b4 Qxe3+ 32. Kh1 Rxg2 33.
Bxg2 Qxc1+ 34. Kh2 Qf4+ 35. Kg1 Qe3+ 36. Kh1 Qxa3 37. Qd5 Qxb4 38. Qe6 Qb1+ 39. Kh2 Qb8+ 40. Kh1 Qg3 41. Bd5 Qxh3+ 42. Kg1 Nf3+ 43. Kf2 Ng5 44. Qg8+ Kg6 45. Qe8+ Kf6 46. Qf8+ Ke5 47. Ba8 Qh2+ 48.
Ke3 Qf4+ 49. Kd3 Qd4+ 50. Kc2 Qc4+ 51. Kb2 Qb5+ 52. Ka3 Qa5+ 53. Kb3 Qb6+ 54. Ka2 Qe6+ 55. Ka3 Qd6+ 56. Qxd6+ Kxd6 57. Kb3 f4 58. Kc3 Ke5 59.
Kd2 f3 60. Ke3 a5 61. Bc6 h5 62. Bd7 h4 63. Kf2 h3 64. Kg3 Ke4 65. Bc6+ Ke3 66. Bb5 f2 67. Kh2 Ne4 68. Kxh3 Kd2 69. Kg2 Ke1 70.
Ba6 Nd2 71. Bd3 f1=Q+ 72. Bxf1 Nxf1 73. Kf3 a4 74. Ke4 a3 75. Kf5 a2 76. Kg6 a1=Q 77.
Kh7 Qf6 78. Kg8 g5 79. Kh7 g4 80. Kg8 Ne3 81. Kh7 Nf5 82. Kg8 Qg7# 0-1

[Event "*** SCC Grand Prix: Titled Tuesday Blitz"]
[Site "Chess.com"]
[Date "2020.06.02"]
[Round "2"]
[White "dalmatinac101"]
[Black "JiaHaoxiang"]
[Result "0-1"]
[WhiteElo "2852"]
[BlackElo "2568"]
[TimeControl "180+1"]
[EndTime "10:19:04 PDT"]
[Termination "JiaHaoxiang won on time"]

1. g3 g6 2. Bg2 Bg7 3. c4 c6 4. e4 d6 5. Nc3 Nf6 6. Nge2 O-O 7. O-O e5 8. d3 Nbd7 9. h3 a5 10. Be3 Nc5 11. a3 Nfd7 12. f4 exf4 13. gxf4 f5 14. e5 dxe5 15. fxe5 Ne6 16. d4 Re8 17. d5 cxd5 18.
cxd5 Nef8 19. e6 Ne5 20. Bd4 Qg5 21. Kh1 Nc4 22. Bxg7 Ne3 23. Nf4 Nxd1 24. Bd4 Nxc3 25. bxc3 Ra6 26. Rab1 Nxe6 27. dxe6 Raxe6 28. Nxe6 Rxe6 29. Bd5 Qh4 30. Rf3 Kf8 31. Bc5+ Ke8 32. Bxe6 Qe4 33. Bxc8 Qxf3+ 34. Kh2 Qf4+ 35. Kg1 Qg3+ 36. Kh1 Qxh3+ 37. Kg1 Qg3+ 38. Kh1 Qf3+ 39. Kg1 Qc6 40. Re1+ Kd8 41. Bd4 Kxc8 42. Re5 Qf3 43. Rxa5 g5 44. Ra8+ Kd7 45.
Rg8 g4 46. Rg7+ Kc6 47. Rxh7 g3 48. Rg7 f4 49. Rf7 Qe4 50. Rf6+ Kb5 51. Rb6+ Ka5 52. Rb4 Qe1+ 53. Kg2 Qe2+ 54. Kh3 Qh5+ 55. Kg2 Qd5+ 56. Kh3 b5 57. Rb2 Qh1+ 58. Kg4 Qe4 59. Kg5 f3 60. a4 Kxa4 61. Rb4+ Ka3 62. Bc5 Qe5+ 63.
Kg4 Qxc5 64. Kxf3 Qxc3+ 65. Kg2 Qxb4 0-1

[Event "*** SCC Grand Prix: Titled Tuesday Blitz"]
[Site "Chess.com"]
[Date "2020.06.02"]
[Round "2"]
[White "praveenb2002"]
[Black "DraG0s3L"]
[Result "0-1"]
[WhiteElo "2729"]
[BlackElo "2517"]
[TimeControl "180+1"]
[EndTime "10:19:04 PDT"]
[Termination "DraG0s3L won by resignation"]

1. e4 c5 2. Nf3 Nc6 3. d4 cxd4 4. Nxd4 e5 5. Nb5 a6 6. Nd6+ Bxd6 7. Qxd6 Qf6 8. Qd1 Qg6 9. Nc3 d5 10. Nxd5 Qxe4+ 11. Be3 Nd4 12. Nc7+ Ke7 13. Rc1 Bg4 14. Qd3 Qxd3 15.
Bxd3 Rd8 16. h3 Bh5 17. g4 Bg6 18. Bxg6 hxg6 19. c3 Nc6 20. c4 Nf6 21. g5 Ne4 22.
Nd5+ Ke6 23. Ke2 f5 24. gxf6 gxf6 25. h4 Rh5 26. Rcg1 Kf7 27. Rg2 g5 28. Rgh2 Rdh8 29. b3 f5 30. Bb6 Rxh4 31. Rxh4 Rxh4 32. Rg1 g4 33. Rd1 Rh2 34. Kf1 Nd4 35. Bxd4 exd4 36. Rxd4 Rxf2+ 37. Kg1 Rxa2 38. Ne3 Ng3 39. Rd5 Ke6 40.
Rd8 Re2 41. Rd3 Ne4 42. Nd5 Ke5 43. Ne7 Rb2 44. Ng6+ Kf6 45. Nf4 Kg5 46. Ne6+ Kh4 47. Nf4 g3 48. Ng6+ Kg5 49. Ne5 f4 50. Nf3+ Kg4 51. Ne5+ Kh3 52. Rd1 Rg2+ 53. Kf1 Nd2+ 54. Ke1 Nf3+ 55. Nxf3 Rf2 56. Ng5+ Kg4 57. Ne4 Rf3 58.
Nf6+ Kf5 59. Nd5 Rxb3 60. c5 Ke4 61. Nf6+ Kf3 62. Kf1 Rc3 63. Nd7 g2+ 64. Kg1 Kg3 65. Nf6 Rc4 66. Nh5+ Kg4 67. Nf6+ Kf5 68. Nd7 f3 69.
Re1 Kf4 70. Nf6 Rc2 71. Ne4 Re2 72. Rxe2 fxe2 73. Kf2 g1=Q+ 74. Kxg1 0-1

[Event "*** SCC Grand Prix: Titled Tuesday Blitz"]
[Site "Chess.com"]
[Date "2020.06.02"]
[Round "2"]
[White "Mikhail_Golubev"]
[Black "ArnieChipmunk"]
[Result "1-0"]
[WhiteElo "2549"]
[BlackElo "2290"]
[TimeControl "180+1"]
[EndTime "10:19:04 PDT"]
[Termination "Mikhail_Golubev won on time"]

1. e4 e5 2. Nf3 d6 3. d4 f5 4.
Nc3 fxe4 5. Nxe4 Nf6 6. Bg5 Be7 7. Bxf6 gxf6 8. dxe5 dxe5 9. Bc4 Qxd1+ 10. Rxd1 Nc6 11. c3 Bg4 12. h3 Bxf3 13. gxf3 Rd8 14. Ke2 Rxd1 15. Rxd1 f5 16. Ng3 f4 17. Nf5 Bf6 18.
Kd3 Ne7 19. Ke4 Rf8 20. Be6 Nxf5 21. Bxf5 h6 22. Rd7 Rf7 23. Rd1 Ke7 24. Bc8 b6 25.
Rd7+ Ke8 26. Rxf7 Kxf7 27. Kf5 a5 28. Bb7 Ke7 29. a4 Bh4 30. Kxe5 Bxf2 31. Kxf4 Kf6 32. Kg4 Be1 33. Kh5 Bd2 34. Be4 Bc1 35. b3 Bd2 36. c4 Be3 37. Bd5 Ke5 38. Kg6 Bf4 39. Kh5 Be3 40. Kg6 Bf4 41. Bf7 Be3 42. Kh7 Bf4 43.
Kg6 Be3 44. Kh7 Bf4 45. Bg8 Be3 46. Kg6 Bf4 47. Kf7 Be3 48. Ke7 Bf4 49. Kd7 Kd4 50.
Kc6 Ke3 51. c5 bxc5 52. Kxc5 Kxf3 53. Kb5 Bd2 54. Be6 Kg3 55. Bc8 Kf4 56. Kc6 Kg3 57. Bd7 Bf4 58. Bc8 Kf2 59. Kb5 Ke3 60. Bd7 Kd4 61.
Bc8 1-0

[Event "*** SCC Grand Prix: Titled Tuesday Blitz"]
[Site "Chess.com"]
[Date "2020.06.02"]
[Round "2"]
[White "silverback96"]
[Black "ketster"]
[Result "1-0"]
[WhiteElo "2222"]
[BlackElo "2420"]
[TimeControl "180+1"]
[EndTime "10:19:04 PDT"]
[Termination "silverback96 won on time"]

1. e4 e5 2. Nf3 Nc6 3. Bc4 Nf6 4. d3 Be7 5. O-O O-O 6. c3 d5 7. exd5 Nxd5 8. Re1 Bg4 9. h3 Bh5 10. Nbd2 Nb6 11.
Bb5 f6 12. Bxc6 bxc6 13. Ne4 Qd5 14. g4 Bg6 15. Nh4 f5 16. Nxg6 hxg6 17. Ng5 Rad8 18.
Qe2 Qxd3 19. Qxe5 Bxg5 20. Qe6+ Kh7 21. Bxg5 Rde8 22. Qxe8 Rxe8 23. Rxe8 Qxh3 24. Re3 Qxg4+ 25. Rg3 Qe2 26. Kg2 Nd5 27. Rh1+ Kg8 28. c4 Qxc4 29. Re1 Kf7 30. Ra3 Qg4+ 31. Rg3 Qc4 32. a3 a5 33. Kg1 a4 34. Bd2 Nf6 35. Bc3 Ne4 36.
Rh3 Nc5 37. Rh7 Qg4+ 38. Kf1 Qc4+ 39. Kg2 Qg4+ 40. Kh1 Qf3+ 41. Kg1 Qg4+ 42. Kh2 Qf4+ 43. Kg2 Qg4+ 44. Kf1 Qc4+ 45. Re2 Ne6 46. Ke1 Qd5 47. Rd2 Qc4 48. Rd7+ Ke8 49. Rd2 Qe4+ 50. Re2 Qb1+ 51. Kd2 Kf7 52. Rh3 Qa2 53. Rhe3 Qd5+ 54. Kc1 Nf4 55.
Re7+ Kf8 56. Re8+ 1-0

[Event "*** SCC Grand Prix: Titled Tuesday Blitz"]
[Site "Chess.com"]
[Date "2020.06.02"]
[Round "2"]
[White "NewBornNow"]
[Black "Grieve72"]
[Result "1-0"]
[WhiteElo "2692"]
[BlackElo "2357"]
[TimeControl "180+1"]
[EndTime "10:19:05 PDT"]
[Termination "NewBornNow won by checkmate"]

1. e4 c5 2. Nf3 e6 3. d3 Nc6 4. g3 Nf6 5. Bg2 d6 6. O-O Be7 7. c3 O-O 8. Qe2 Bd7 9. d4 cxd4 10. cxd4 d5 11. e5 Ne4 12. Rd1 Qb6 13. Be3 Nb4 14.
Ne1 Rac8 15. Bxe4 dxe4 16. Nc3 Nd5 17. Nxe4 Bb5 18. Qf3 Bc6 19. Nd3 f5 20. exf6 Bxf6 21. Qg4 Rce8 22. Rab1 Bxd4 23. Bxd4 Qxd4 24. Qe2 Ne3 25.
Qxe3 Qxe3 26. fxe3 Bxe4 27. Rbc1 Rc8 28. Nc5 Bd5 29.
e4 Bxa2 30. Nxb7 Rxc1 31. Rxc1 Rb8 32. Rc7 Bb1 33. Nc5 Rxb2 34. Nxe6 Bxe4 35. Rxg7+ Kh8 36. Rf7 h6 37. Rxa7 Rb1+ 38. Kf2 Bd5 39. Nf4 Bc6 40.
Ng6+ Kg8 41. Ne7+ Kf8 42. Nxc6 Rb2+ 43. Kg1 h5 44. Ne5 Rb5 45. Ng6+ Kg8 46. Nh4 Rb1+ 47. Kg2 Rb2+ 48. Kh3 Rb5 49. Ng2 Rb4 50. Nf4 h4 51.
Kxh4 Rb2 52. h3 Rb6 53. Nh5 Rc6 54. g4 Rb6 55. Ng3 Rb2 56. Nf5 Rb6 57. Kg5 Rc6 58.
h4 Rb6 59. h5 Rc6 60. h6 Rb6 61. Kh5 Rb5 62. Kg5 Rb6 63. Ra5 Kh7 64. Rd5 Ra6 65.
Rd7+ Kh8 66. Rd6 Ra5 67. Kh5 Ra4 68. g5 Ra1 69. Rd8+ Kh7 70. g6# 1-0

[Event "*** SCC Grand Prix: Titled Tuesday Blitz"]
[Site "Chess.com"]
[Date "2020.06.02"]
[Round "2"]
[White "larisakalinina"]
[Black "Lion-Al-Messi"]
[Result "0-1"]
[WhiteElo "1952"]
[BlackElo "2352"]
[TimeControl "180+1"]
[EndTime "10:19:05 PDT"]
[Termination "Lion-Al-Messi won by checkmate"]

1. e4 e6 2. d3 d5 3. Qe2 dxe4 4.
dxe4 e5 5. Nf3 Nc6 6. c3 Bd6 7. Qc2 Nf6 8. Be2 O-O 9. O-O h6 10. Rd1 a5 11. a4 Qe7 12. Na3 Bg4 13. Nc4 Rad8 14. Be3 Bc5 15. h3 Bh5 16. Rxd8 Rxd8 17. Rd1 Rxd1+ 18. Bxd1 Bg6 19. Bxc5 Qxc5 20. Ncd2 Nd8 21.
Be2 Ne6 22. g3 b6 23. Kg2 Qc6 24. Bd3 Qd6 25. Nc4 Qe7 26. Ncxe5 Bh7 27. Nc6 Qe8 28. Nfd4 Nc5 29. f3 Nfxe4 30. Bxe4 Nxe4 31. Qe2 Nd6 32. Qxe8+ Nxe8 33. Nb5 Bc2 34. Ne7+ Kf8 35. Nd5 c6 36. Ne3 Bxa4 37. Nd4 c5 38. Ndf5 Bd7 39. g4 Nc7 40. Nd6 Ke7 41. Ndc4 b5 42. Nxa5 Kd6 43. Nb3 Be6 44. Nd2 b4 45. Ne4+ Kc6 46. cxb4 cxb4 47.
Kf2 Kb5 48. Ke2 Nd5 49. Nxd5 Bxd5 50. Kd2 Bxe4 51. fxe4 Kc4 52. Kc2 b3+ 53. Kd2 Kd4 54.
e5 g6 55. h4 Kxe5 56. Kc3 f5 57. gxf5 gxf5 58. Kxb3 Kd4 59. Ka4 f4 60. b4 f3 61.
b5 f2 62. b6 f1=Q 63. Ka5 Qa1+ 64. Kb5 Kd5 65. b7 Qb2+ 66. Ka6 Kc6 67. Ka5 Qb5# 0-1